 Dungeon Crawl Stone Soup version 0.27.1-1-g398f81649c (webtiles) character file.

Game seed: 11131634569713537310

22 karkarkar the Skirmisher (level 2, -8/27 HPs)
             Began as a Hill Orc Fighter on Sept 16, 2021.
             Mangled by a gnoll (10 damage)
             ... on level 2 of the Dungeon.
             The game lasted 00:02:17 (784 turns).

karkarkar the Skirmisher (Hill Orc Fighter)          Turns: 784, Time: 00:02:18

Health: -8/27      AC: 11    Str: 18    XL:     2   Next: 91%
Magic:  2/2        EV:  3    Int:  8    God:
Gold:   53         SH:  9    Dex: 10    Spells: 1/1 levels left

rFire    . . .     SeeInvis .   a - +0 war axe
rCold    . . .     Faith    .   c - +0 kite shield
rNeg     . . .     Spirit   .   h - +0 plate armour
rPois    .         Reflect  .   (no helmet)
rElec    .         Harm     .   (no cloak)
rCorr    .         Rampage  .   (no gloves)
Will     .....                  (no boots)
Stlth    ..........             (no amulet)
HPRegen  0.09/turn              f - ring of flight
MPRegen  0.08/turn              (no ring)

@: flying
A: no striking features
a: no special abilities


You were on level 2 of the Dungeon.
You visited 1 branch of the dungeon, and saw 2 of its levels.

You collected 53 gold pieces.

Inventory:

Hand Weapons
 a - a +0 war axe (weapon)
Armour
 c - a +0 kite shield (worn)
 h - a +0 plate armour (worn)
Jewellery
 f - a ring of flight (left hand)
Scrolls
 b - a scroll of amnesia {unknown}
 e - 2 scrolls of identify {unknown}
 g - a scroll of blinking {unknown}
Potions
 d - a potion of might


   Skills:
 + Level 4.3 Fighting
 + Level 2.9 Axes
 + Level 3.5 Armour
 + Level 3.5 Shields
 * Level 0.3 Invocations


You had one spell level left.
You didn't know any spells.
Your spell library was empty.

Dungeon Overview and Level Annotations

Branches:
Dungeon (1/15)

Altars:


Message History

You see here 18 gold pieces.
Sorry, you're not good enough to have a special ability.
Unknown command.
You hit the gnoll.
The gnoll is lightly wounded.
You closely miss the gnoll. You hit the gnoll but do no damage.
You closely miss the adder. The adder bites you but does no damage.
You block the gnoll's attack. The gnoll hits you with a +0 club.
The gnoll hits you with a +0 spear. The adder bites you but does no damage.
You closely miss the gnoll.
The gnoll is lightly wounded.
You hit the gnoll but do no damage. You closely miss the gnoll.
You hit the adder. The gnoll hits you with a +0 halberd.
You block the gnoll's attack. The gnoll hits you but does no damage.
You block the adder's attack.
The gnoll hits you but does no damage. x2
The adder bites you but does no damage.
You hit the gnoll.
The gnoll is heavily wounded.
You hit the gnoll but do no damage. You closely miss the gnoll.
You barely miss the gnoll.
Your shield and plate armour prevent you from hitting the adder.
You block the adder's attack. The gnoll completely misses you.
You block the gnoll's attack.
The gnoll hits you but does no damage. x2
The adder bites you but does no damage.
You slash the gnoll!
You kill the gnoll!
You closely miss the adder. You closely miss the gnoll.
You hit the gnoll but do no damage. You slash the gnoll!
The gnoll hits you with a +0 halberd. The gnoll hits you with a +0 spear.
You block the adder's attack. The gnoll hits you with a +0 whip.
An adder skeleton comes into view.
The gnoll hits you with a +0 halberd!
* * * LOW HITPOINT WARNING * * *
The gnoll hits you with a +0 spear.
* * * LOW HITPOINT WARNING * * *
The adder bites you but does no damage. The gnoll hits you with a +0 whip.
* * * LOW HITPOINT WARNING * * *
Your Fighting skill increases to level 4!
The gnoll hits you from afar with a +0 halberd!
You die...

## ..
.#
###.#
.Z.#
#.g#
##Sg#
#@g.#
##.##
#.#
###


You could see 3 gnolls, an adder and an adder skeleton (wandering).

Vanquished Creatures
  A gnoll (D:2)
  A giant cockroach (D:1)
  A goblin (D:1)
  2 hobgoblins (D:1)
  A quokka (D:1)
  2 ball pythons (D:1)
  A bat (D:1)
  3 kobolds (D:1)
  A rat (D:1)
13 creatures vanquished.

Notes
Turn   | Place    | Note
-------+----------+-------------------------------------------
     0 | D:1      | karkarkar the Hill Orc Fighter began the quest for the Orb.
     0 | D:1      | Reached XP level 1. HP: 19/19 MP: 1/1
   630 | D:1      | Reached XP level 2. HP: 27/27 MP: 2/2
   779 | D:1      | You are sucked into a shaft and drop 1 floor!
   784 | D:2      | Reached skill level 4 in Fighting
   784 | D:2      | Mangled by a gnoll

Illustrated notes

Levels and vault maps discovered:
D:1:      heliophobic_arrival_battle_scene, layout_basic, interstate_on_off,
          grunt_decor_cap, amcnicky_mini_rare_corridor_liquid
D:2:      layout_basic, basic_altar, uniq_crazy_yiuf_cottage

Skill      XL: |  1  2 |
---------------+-------+-----
Fighting       | 4 |  4.3
Axes           | |  2.9
Armour         | |  3.5
Shields        | |  3.5
Invocations    | |  0.3

Action                   || total
-------------------------++-------
Melee: War axe           ||    32
Armor: Scale mail        ||     3
       Plate armour      ||    24
Dodge: Dodged            ||     6
Block: Kite shield       ||    17
